mrgnz, chaotic male orcish Wizard --- ----- --.--|...-- |G.f--.+..| --.....|!-- |..---|.| --.| |.| --- |.| |.| |.| |.--- ----- |...| --.|.---- ---.-- |......|.- |... --......| |... - --.....-- --...(.......----.^....---- ......................*%(<^ ..............------..%.--# |..--..--.|.--- ---..| ------------ ---- mrgnz the Thaumaturge Experience level: 6 Strength: 14 Dexterity: 15 Constitution: 13 Intelligence: 16 Wisdom: 11 Charisma: 12 Health: 0(48) Energy: 43(65) Def: 4 Gold: 515 Moves: 4808 Dungeon seed: AHX_XWBPUcyTRy60 Game ID: mrgnz_1548435591 Your Inventory: Coins $ - 515 gold pieces Weapons a - a blessed +1 quarterstaff (weapon in hands) Armor e - an uncursed +0 cloak of magic resistance (being worn) r - an uncursed +0 orcish helm (being worn) y - a blessed +0 leather armor (being worn) Comestibles o - an uncursed food ration w - an uncursed pear E - an uncursed candy bar Z - an uncursed tin of gecko meat Scrolls i - an uncursed scroll of destroy armor k - a cursed scroll of teleportation x - an uncursed scroll of taming A - an uncursed scroll of amnesia C - an uncursed scroll of teleportation L - an uncursed scroll of earth M - a cursed scroll of create monster X - a blessed scroll of confuse monster Spellbooks l - an uncursed spellbook of detect food R - a cursed spellbook of create monster S - an uncursed spellbook of remove curse T - a cursed spellbook of force bolt Potions f - an uncursed potion of water m - a blessed potion of enlightenment F - a blessed potion of gain ability I - an uncursed potion of object detection Rings c - an uncursed ring of invisibility (on left hand) d - an uncursed ring of protection from shape changers (on right hand) J - an uncursed ring of see invisible K - a cursed ring of hunger O - a cursed ring of teleportation P - a cursed ring of free action Wands b - a wand of make invisible (0:8) p - a wand of light (0:10) Q - a cursed wand of cold (0:4) Tools j - an uncursed skeleton key n - an uncursed lock pick q - an uncursed tin whistle s - a bag of tricks (0:17) B - an uncursed towel U - 5 cursed wax candles (0:400) V - a cursed lock pick W - a cursed magic marker (0:73) Y - 2 uncursed partly used tallow candles (lit) (0:49) Spells and supernatural/magical abilities: Name Level Category Fail Memory a - force bolt 1 attack 0% 76% E - detect food 2 divination 70% 76% W - pray for help -- divine ? -- Your skills at the end: Fighting Skills Weapon Skills quarterstaff [Basic] Spellcasting Skills attack spells [Basic] enchantment spells [Basic] Final Attributes: You were piously aligned. You were poison resistant. You were magic-protected. You had infravision. You were invisible. You were protected from shape changers. You are dead. Vanquished creatures: a gnome king a water nymph a shrieker 4 gnome lords a gnomish wizard 9 dwarves a kobold lord a giant bat 2 dwarf zombies an iguana 3 acid blobs a hobbit 2 large kobolds 3 giant rats a brown mold 25 gnomes a gnome zombie 3 geckos 11 jackals 2 kobolds 2 goblins 6 grid bugs 3 bats 8 lichens 2 kobold zombies 12 newts 107 creatures vanquished. Voluntary challenges: You used a wielded weapon 115 times, starting on turn 23. You read items or engraved 6 times, starting on turn 1175. You never genocided any monsters. You never polymorphed an object. You never changed form. You used no wishes. You never split a pudding. You never wrote Elbereth's name. You violated your moral code, losing 13 points of alignment, starting on turn 981. Dungeon overview: The Dungeons of Doom: levels 1 to 4 Level 1 a long staircase Level 2 a general store, an altar to Anhur, a fountain Level 3 an armor shop Level 4 an altar to Ptah stairs to The Gnomish Mines The Gnomish Mines: levels 5 to 9 Level 5 stairs to The Dungeons of Doom Level 6 Level 7 Level 8 many shops, a temple to Ptah, some fountains, some trees Level 9 <- You were here History has recorded: On T:1 you entered the Dungeons of Doom to retrieve the Amulet of Yendor! On T:1098 you advanced to experience level 2. On T:1145 you reached level 2 of The Dungeons of Doom. On T:2134 you reached level 3 of The Dungeons of Doom. On T:2157 you advanced to experience level 3. On T:2809 you reached level 4 of The Dungeons of Doom. On T:3055 you advanced to experience level 4. On T:3676 you reached level 1 of The Gnomish Mines. On T:4022 you reached level 2 of The Gnomish Mines. On T:4023 you advanced to experience level 5. On T:4198 you reached level 3 of The Gnomish Mines. On T:4328 you reached level 4 of The Gnomish Mines. On T:4436 you advanced to experience level 6. On T:4569 you reached level 5 of The Gnomish Mines. Score breakdown: Gold: 515 ( 9227 points) Experience: 6 levels (12456 points) Exploration: 9 levels ( 19.15%) (12510 points) Discoveries: 3 items ( 1.08%) ( 3122 points) Valuables value: (no points given unless you survive) Artifact value: 0 ( 0 points) Variety of kills: 26 monsters ( 6.82%) ( 7836 points) Turncount: 4808 turns (-1296 points) Survival: died (score multiplied by 80%) Total score: 35084 Latest messages: The gnomish wizard points all around, then curses. The gnomish wizard points at you, then curses. You kill the gnomish wizard! You miss the gnome lord. (2x) The gnome lord wields a cursed thonged club! The thonged club welds itself to the gnome lord's hand! You hit the gnome lord. The gnome lord swings his thonged club. The gnome lord hits! You hit the gnome lord. (2x) The gnome lord swings his thonged club. The gnome lord hits! The gnome lord picks up a hooded cloak. The gnome lord puts on a hooded cloak. You miss the gnome lord. Never mind. You hit the gnome lord! You hit the gnome lord. You miss the housecat. The housecat bites! (3x) You die... Final status: Goodbye mrgnz the Wizard, killed by a housecat... You died in The Gnomish Mines on dungeon level 9 with 35084 points, and 515 pieces of gold, after 4808 moves. You were level 6 with a maximum of 48 hit points when you died.